Map: [ESL] Alcyone

Players

Lambo

  • Race: Zerg Zerg
  • Spawn Location: 1:00

Clem - Winner!

  • Race: Terran Terran
  • Spawn Location: 7:00

Event: ESL SC2 Masters 2023 Winter (Regional)

VOD

Have the link to the VOD?

Description

Time

  • Played on: Nov. 1, 2023, 1:33 p.m.
  • Length: 11:05

All games in this series

Show
View Real Time Build Order
Export as new Build Order

Lambo Zerg 

Build Orders: Hatch First 

Get SALT Encoding   

  12  0:00  Drone  
  13  0:07  Drone  
  14  0:14  Extractor  
  14  0:15  Drone  
  15  0:36  Hatchery  
  15  0:40  Extractor  
  15  0:41  Drone  
  15  0:47  Overlord  
  15  1:02  Spawning Pool  
  14  1:06  Drone  
  15  1:12  Drone  
  15  1:16  Drone  
  15  1:18  Drone  
  18  1:28  Drone  
  19  1:39  Drone  
  20  1:48  Queen x2  
  20  1:49  Drone  
  20  1:50  Drone  
  26  1:59  Drone  
  27  2:08  Hatchery  
  27  2:13  Overlord  
  26  2:16  Drone  
  26  2:19  Drone, Extractor  
  26  2:22  Drone  
  28  2:31  Drone  
  28  2:34  Queen  
  28  2:35  Drone  
  32  2:40  Overlord  
  32  2:42  Drone  
  34  2:44  Drone  
  33  2:53  Drone x2  
  35  2:58  Drone x2  
  35  2:59  Drone  
  35  3:04  Drone  
  39  3:06  Queen  
  39  3:08  Drone  
  42  3:14  Queen  
  42  3:17  Overlord  
  44  3:20  Drone  
  44  3:24  Queen  
  47  3:33  Drone x2  
  50  3:34  Zergling x2  
  50  3:36  Zergling x2  
  50  3:37  Zergling x2  
  50  3:38  Drone x3  
  55  3:42  Metabolic Boost  
  55  3:47  Drone x3  
  58  3:56  Overlord  
  58  4:00  Overlord  
  58  4:01  Overlord  
  57  4:04  Spore Crawler  
  57  4:07  Spore Crawler  
  57  4:09  Drone  
  58  4:10  Drone x2  
  58  4:15  Drone x4  
  58  4:16  Drone x2  
  62  4:18  Drone  
  63  4:24  Spore Crawler  
  63  4:29  Drone x3  
  58  4:33  Drone  
  58  4:36  Drone x2  
  61  4:44  Drone x4  
  65  4:51  Drone  
  63  4:55  Drone x2  
  63  4:56  Drone  
  63  4:57  Spore Crawler  
  63  4:58  Spore Crawler  
  59  5:02  Spore Crawler  
  59  5:04  Drone  
  59  5:05  Evolution Chamber  
  59  5:06  Evolution Chamber  
  57  5:08  Evolution Chamber  
  57  5:10  Hatchery  
  57  5:12  Zergling x2  
  57  5:13  Zergling x6  
  58  5:15  Drone  
  58  5:20  Drone x2  
  57  5:22  Drone  
  57  5:27  Drone x3  
  61  5:31  Drone x2  
  61  5:32  Drone  
  64  5:38  Drone x3  
  64  5:39  Drone  
  64  5:42  Zerg Melee Weapons Level 1  
  64  5:45  Drone x2  
  64  5:48  Zerg Ground Armor Level 1  
  64  5:49  Drone  
  67  5:53  Zergling x4  
  69  6:00  Zergling x2  
  69  6:01  Zergling x8  
  69  6:03  Drone, Lair  
  75  6:07  Drone x2  
  75  6:11  Extractor  
  75  6:12  Drone x3, Baneling Nest  
  75  6:15  Drone  
  78  6:18  Drone  
  78  6:21  Drone  
  78  6:23  Extractor  
  78  6:25  Extractor, Drone x2  
  80  6:30  Drone  
  81  6:33  Drone x5  
  81  6:37  Drone  
  87  6:41  Overlord  
  87  6:44  Spore Crawler, Overlord  
  87  6:45  Drone  
  87  6:46  Overlord  
  87  6:52  Overlord  
  87  6:54  Hatchery  
  86  6:55  Drone  
  86  6:58  Queen, Overlord  
  86  7:00  Drone x8  
  95  7:04  Zergling x6  
  98  7:09  Zergling x10  
  98  7:10  Drone  
  98  7:13  Drone x3  
  107  7:16  Drone x3  
  108  7:23  Drone x2  
  108  7:25  Centrifugal Hooks  
  110  7:31  Zergling x12, Hatchery  
  110  7:32  Overseer  
  115  7:37  Zergling x2  
  115  7:38  Zergling x8  
  120  7:48  Overlord x3  
  120  7:50  Overlord  
  120  7:52  Overlord  
  120  7:53  Zerg Melee Weapons Level 2, Zerg Ground Armor Level 2  
  120  7:56  Zergling x2  
  120  7:57  Zergling x4, Overlord  
  119  7:59  Overseer, Overlord  
  119  8:00  Pneumatized Carapace  
  119  8:02  Overlord  
  119  8:11  Zergling x14  
  119  8:12  Zergling x16  
  126  8:13  Zergling x2  
  126  8:16  Overseer  
  126  8:19  Zergling x4  
  126  8:25  Zergling x10  
  126  8:26  Queen  
  131  8:29  Zergling x12  
  131  8:33  Zergling x2  
  138  8:34  Baneling x10  
  138  8:36  Zergling x8  
  138  8:37  Zergling x2  
  138  8:39  Baneling x2  
  143  8:42  Zergling x4  
  143  8:45  Zergling x2  
  146  8:50  Zergling x8  
  136  8:55  Zergling x2  
  136  8:56  Zergling x8  
  136  9:01  Zergling x10  
  140  9:09  Zergling x6  
  135  9:17  Infestation Pit  
  135  9:18  Zergling x12  
  135  9:19  Zergling x2  
  135  9:23  Zergling x4  
  140  9:27  Zergling x18  
  140  9:30  Hydralisk Den  
  148  9:31  Baneling  
  148  9:32  Baneling x5  
  148  9:34  Zergling x2  
  148  9:35  Baneling x3  
  148  9:36  Queen x3  
  155  9:41  Zergling x10  
  156  9:46  Zergling x2  
  156  9:47  Zergling x2  
  151  9:54  Zergling x16  
  151  9:57  Zergling x6  
  149  10:01  Zergling x10, Baneling  
  149  10:04  Zergling x6  
  149  10:05  Overseer x2  
  155  10:12  Overlord  
  155  10:13  Extractor, Overlord x2  
  155  10:14  Spore Crawler  
  153  10:18  Overlord x2  
  152  10:22  Overlord  
  152  10:23  Zergling x8  
  152  10:27  Baneling, Overlord  
  152  10:28  Baneling x9  
  156  10:35  Hydralisk x9  
  134  10:39  Hydralisk  
  134  10:40  Zergling x12  
  134  10:41  Zergling x2  
  144  10:45  Zergling x8  
  144  10:47  Zergling x6  
Show
View Real Time Build Order
Export as new Build Order

Clem Terran - Winner!

Build Orders: Reaper Expand, Hellion Banshee 

Get SALT Encoding   

  12  0:00  SCV  
  13  0:12  SCV  
  14  0:17  Supply Depot  
  14  0:24  SCV  
  15  0:39  SCV  
  15  0:40  Barracks  
  16  0:42  Refinery  
  16  0:51  SCV  
  17  1:03  SCV  
  18  1:15  SCV  
  19  1:27  Orbital Command, Reaper  
  20  1:38  Command Center  
  20  1:46  Supply Depot  
  20  1:53  SCV  
  21  1:59  Marine  
  22  2:05  SCV  
  23  2:10  Factory  
  23  2:17  SCV  
  23  2:19  Barracks Reactor  
  24  2:29  SCV  
  25  2:37  Command Center  
  25  2:42  SCV  
  26  2:54  SCV  
  27  2:59  Starport  
  27  3:00  Orbital Command  
  27  3:03  Refinery  
  27  3:06  SCV  
  27  3:11  Hellion  
  30  3:15  Hellion  
  30  3:18  SCV  
  33  3:23  Barracks Tech Lab  
  33  3:27  SCV  
  33  3:30  SCV  
  33  3:32  Hellion  
  37  3:37  Hellion  
  37  3:39  SCV  
  40  3:42  SCV  
  40  3:46  Banshee  
  44  3:51  SCV  
  44  3:53  Orbital Command  
  44  3:55  Cloaking Field  
  45  3:56  SCV  
  45  3:57  Marine  
  45  4:02  Hellion  
  49  4:05  Hellion  
  49  4:08  SCV  
  52  4:10  SCV, Supply Depot  
  52  4:15  Marine  
  53  4:19  SCV  
  53  4:20  SCV  
  53  4:22  SCV  
  54  4:25  Hellion  
  54  4:26  Hellion  
  54  4:29  Banshee  
  61  4:31  SCV  
  61  4:33  Marine, SCV  
  62  4:39  SCV  
  62  4:40  Supply Depot  
  59  4:45  Barracks  
  59  4:47  SCV  
  59  4:49  Hellion  
  59  4:50  SCV  
  59  4:51  Barracks  
  65  4:52  Hellion  
  65  4:53  SCV  
  65  4:59  SCV  
  63  5:02  Engineering Bay  
  63  5:03  Engineering Bay  
  63  5:04  Barracks Tech Lab  
  63  5:07  Supply Depot, SCV  
  64  5:08  Orbital Command, Refinery  
  64  5:12  SCV  
  65  5:19  SCV  
  65  5:21  Barracks  
  62  5:22  Barracks, Refinery  
  62  5:24  Stimpack  
  62  5:27  Marine  
  62  5:28  Starport Reactor  
  63  5:31  SCV x2  
  63  5:34  SCV  
  61  5:43  SCV x2  
  61  5:45  Barracks Reactor  
  61  5:46  Terran Infantry Weapons Level 1, Terran Infantry Armor Level 1, SCV  
  61  5:47  Marine  
  61  5:49  Marine  
  65  5:50  Supply Depot, Marine  
  65  5:55  SCV x2  
  69  5:58  SCV  
  69  5:59  Siege Tank  
  69  6:00  Supply Depot  
  73  6:05  Marine  
  73  6:06  Medivac  
  73  6:07  SCV x2, Marine  
  73  6:08  Medivac  
  73  6:10  SCV  
  73  6:11  Marine  
  83  6:13  Refinery  
  83  6:14  Barracks Reactor  
  83  6:16  Barracks Reactor  
  83  6:19  SCV  
  83  6:20  SCV  
  83  6:22  SCV  
  83  6:23  Marine  
  83  6:24  Supply Depot  
  83  6:25  Marine  
  88  6:28  Marine x2, Supply Depot  
  88  6:29  Marine  
  88  6:30  Factory  
  88  6:31  SCV  
  88  6:32  SCV  
  93  6:36  SCV  
  93  6:38  Widow Mine  
  93  6:39  Supply Depot  
  96  6:41  Marine, Medivac  
  96  6:43  Marine  
  96  6:44  SCV  
  101  6:47  Supply Depot  
  101  6:48  Armory  
  101  6:50  Marine  
  101  6:52  Marine  
  101  6:53  Marine x3  
  106  6:54  Marine  
  106  6:56  Command Center, Marine  
  106  6:59  Marine  
  106  7:00  Medivac  
  111  7:02  Widow Mine  
  111  7:05  Supply Depot  
  111  7:06  Supply Depot, Marine  
  111  7:08  Marine  
  114  7:10  Marine  
  114  7:11  Marine  
  114  7:12  Marine  
  114  7:14  Marine x2  
  120  7:16  Supply Depot, Factory Reactor, Medivac  
  120  7:17  Marauder  
  120  7:20  Marine  
  123  7:24  Marine  
  123  7:25  Supply Depot  
  123  7:26  Supply Depot, Marine  
  125  7:33  Marine  
  125  7:34  Medivac  
  128  7:37  Marine x2  
  128  7:38  Marine x3  
  128  7:39  Marine  
  128  7:43  Drilling Claws  
  136  7:44  Widow Mine  
  136  7:45  Terran Infantry Weapons Level 2  
  136  7:46  Medivac, Marine x2  
  136  7:47  Supply Depot  
  136  7:51  Marine  
  141  7:54  Combat Shield  
  141  7:55  Marine x2  
  143  8:03  Barracks  
  143  8:04  Barracks, Widow Mine  
  143  8:05  Barracks, Marine x2  
  145  8:11  Widow Mine  
  145  8:12  Marine x2  
  148  8:14  Marine  
  148  8:18  Widow Mine, Marine x3  
  149  8:20  Terran Infantry Armor Level 2  
  149  8:23  Medivac  
  149  8:26  Marine  
  149  8:27  Marine  
  149  8:29  Widow Mine  
  149  8:31  Marine  
  149  8:33  SCV x3  
  149  8:34  Widow Mine, Marine x3  
  155  8:37  Terran Vehicle And Ship Armor Level 1  
  160  8:41  Sensor Tower, Widow Mine  
  160  8:43  Marine  
  160  8:45  Marine  
  162  8:52  Widow Mine  
  148  8:57  Widow Mine  
  148  8:58  Medivac  
  148  8:59  Barracks Tech Lab x3, Medivac  
  148  9:00  Marine x3  
  148  9:01  Marine  
  148  9:02  Marine  
  152  9:04  Widow Mine  
  144  9:10  Marine  
  144  9:13  Marine  
  144  9:14  Widow Mine  
  144  9:15  Marine  
  144  9:16  Marine  
  144  9:19  Widow Mine  
  144  9:20  Command Center  
  146  9:27  Planetary Fortress  
  146  9:28  Medivac, SCV x2  
  146  9:29  Marine, SCV  
  146  9:30  Marauder x2, Marine x2  
  158  9:32  Widow Mine  
  158  9:35  Widow Mine  
  158  9:36  Marine  
  158  9:37  Marine x3  
  158  9:38  Marine  
  166  9:40  SCV  
  166  9:41  Marine x2  
  166  9:42  Widow Mine  
  172  9:47  Marine  
  172  9:52  Medivac  
  167  9:53  Widow Mine  
  167  9:55  Marine x2  
  167  9:56  Widow Mine, Marauder x2  
  167  9:59  Medivac  
  177  10:00  Marine x4  
  177  10:02  Supply Depot  
  177  10:04  Widow Mine  
  183  10:08  Marine  
  183  10:09  Marauder  
  183  10:13  Refinery  
  183  10:14  Widow Mine, SCV x3  
  189  10:15  Marauder, Refinery  
  189  10:16  Marine x2  
  189  10:18  SCV  
  196  10:23  Marine  
  200  10:33  Widow Mine  
  200  10:34  Command Center  
  200  10:35  Marauder  
  197  10:41  Widow Mine  
  196  10:48  Command Center  
  196  10:49  Command Center  
  196  11:04  Ghost Academy  
Tags
 
Add a new tag
Caveats
  • Supply blocks, unpowered buildings, or Contaminate may cause inaccurate times.
  • Supply counts are checked every 10 seconds.